 Dungeon Crawl Stone Soup version 0.29-a0-197-ge3fb4bd5a4 (webtiles) character file.

Game seed: 6058314946472585933

49 graymark the Conjurer (level 3, -2/21 HPs)
             Began as an Octopode Conjurer on Feb 22, 2022.
             Killed from afar by an orc wizard (11 damage)
             ... with a puff of flame
             ... on level 3 of the Dungeon.
             The game lasted 00:08:21 (2401 turns).

graymark the Conjurer (Octopode Conjurer)           Turns: 2401, Time: 00:08:22

Health: -2/21      AC:  1    Str:  6    XL:     3   Next: 75%
Magic:  5/6        EV: 13    Int: 22    God:
Gold:   157        SH:  0    Dex: 10    Spells: 0/6 levels left

rFire   . . .      SeeInvis .   f - staff of air
rCold   . . .      Faith    .   (no shield)
rNeg    + . .      Spirit   .   (helmet restricted)
rPois   +          Reflect  .   (no amulet)
rElec   +          Harm     .   b - ring of poison resistance
rCorr   +          Rampage  .   c - ring of resist corrosion
Will    .....                   m - ring of positive energy
Stlth   +++.......              (no ring)
HPRegen 0.07/turn               (no ring)
MPRegen 0.10/turn               (no ring)
                                (no ring)
                                (no ring)

@: invisible
A: almost no armour, amphibious, 8 rings, camouflage 1, gelatinous body 1,
(nimble swimmer 1), tentacles
a: no special abilities


You were on level 3 of the Dungeon.
You visited 1 branch of the dungeon, and saw 3 of its levels.

You collected 157 gold pieces.

Inventory:

Missiles
 r - 6 boomerangs
Armour
 u - a +0 buckler
Magical Staves
 f - a staff of air (weapon)
Jewellery
 b - a ring of poison resistance (left tentacle)
 c - a ring of resist corrosion (right tentacle)
 m - a ring of positive energy (on tentacle)
 p - a ring of poison resistance
Scrolls
 d - a scroll of immolation
 e - 3 scrolls of teleportation {unknown}
 g - 2 scrolls of noise
 h - 3 scrolls of enchant weapon
 j - a scroll of magic mapping {unknown}
 k - a scroll of summoning {unknown}
 l - a scroll of fear {unknown}
 n - a scroll of brand weapon {unknown}
 o - a scroll of identify
 q - a scroll of acquirement {unknown}
 s - a scroll of silence {unknown}
Potions
 a - a potion of mutation


   Skills:
 + Level 2.6 Dodging
 - Level 3.6 Stealth
 + Level 2.4 Spellcasting
 + Level 4.3 Conjurations
 + Level 0.0 Hexes


You couldn't memorise any spells.
You knew the following spells:

 Your Spells              Type           Power      Damage    Failure   Level
a - Magic Dart            Conj           84%        1d7       2%          1
b - Searing Ray           Conj           42%        2d6       3%          2
c - Dazzling Flash        Conj/Hex       24%        N/A       16%         3

Your spell library contained the following spells:

 Spells                   Type           Power      Damage    Failure   Level
 Ensorcelled Hibernation  Hex/Ice        4%         N/A       21%         2
 Passwall                 Tmut/Erth      1%         N/A       21%         2
 Gell's Gravitas          Tloc           2%         N/A       36%         3
 Swiftness                Air            4%         N/A       36%         3
 Teleport Other           Tloc           2%         N/A       36%         3
 Fulminant Prism          Conj/Hex       6%         3d7       47%         4
 Iskenderun's Mystic Bla  Conj/Tloc      12%        2d5       47%         4
 Dispersal                Tloc           1%         N/A       100%        6


Dungeon Overview and Level Annotations

Branches:
Dungeon (3/15)

Altars:

Shops:
D:1 [


Innate Abilities, Weirdness & Mutations

You cannot wear most types of armour.
You are amphibious.
You can wear up to eight rings at the same time.
Your skin changes colour to match your surroundings (Stealth+).
Your rubbery body absorbs attacks. (AC +1, EV +1)
((You are camouflaged when in or above water. (Stealth+)))
You have tentacles for arms and can constrict up to eight enemies at once.


Message History

You kill the frilled lizard!
A ball python comes into view.
The ball python hisses angrily.
You hit the dart slug but do no damage. You grab the dart slug.
You constrict the dart slug. The dart slug launches a dart at you.
The slug dart misses you.
An orc comes into view. It is wielding a +0 mace.
A goblin comes into view. It is wielding a +0 whip.
You release your grip on the dart slug.
The dart slug launches a dart at you. The slug dart hits you.
Casting: Magic Dart (safe; 2% risk of failure)
Confirm with . or Enter, or press ? or * to list all spells.
Aiming: Magic Dart (safe; 2% risk of failure)
Press: ? - help, Shift-Dir - straight line, f - dart slug
Aim: a dart slug (moderately wounded, 100% to hit)
The magic dart hits the dart slug.
The dart slug is severely wounded.
The dart slug launches a dart at you. The slug dart hits you.
An orc comes into view. It is wielding a +0 mace.
The orc moves out of view.
An orc wizard comes into view. It is wielding a +0 dagger.
Okay, then.
Okay, then.
Aiming: Magic Dart (safe; 2% risk of failure)
Press: ? - help, Q - select action, (/) - cycle Shift-Dir - straight line, f - orc wizard
Aim: an orc wizard, wielding a +0 dagger and wearing a +0 robe (wandering, hasn't noticed you, 100% to hit)
Okay, then.
Unknown command.
You fade into invisibility!
An orc wizard comes into view. It is wielding a +0 falchion.
The ball python closely misses you. The ball python bites you.
The ball python closely misses you. The orc wizard casts a spell at you.
The puff of flame hits you!
Ouch! That really hurt!
You die...

#....># #.....#
#.....# #.....##
#.....#
#####..[....
#..g..#
#......#####
#.##.## ##o######
#.
#.########>.#######
. #
#.g...#.oo.........
##
#..wS...#..########
# ##...@###.## #
#######..# . #..##
#..## ...# #.### ..
. #.#####


You could see an orc wizard, a dart slug, 2 orcs, a goblin and a ball python.

Vanquished Creatures
  An adder (D:2)
  2 dart slugs
  An orc (D:3)
  A ball python (D:1)
  2 endoplasms
  A giant cockroach (D:1)
  2 goblins
  5 hobgoblins
  3 jackals (D:2)
  3 quokkas (D:2)
  4 bats
  2 frilled lizards
  3 kobolds
30 creatures vanquished.

Notes
Turn   | Place    | Note
-------+----------+-------------------------------------------
     0 | D:1      | graymark the Octopode Conjurer began the quest for the Orb.
     0 | D:1      | Reached XP level 1. HP: 11/11 MP: 3/3
   288 | D:1      | Reached XP level 2. HP: 13/17 MP: 0/5
   365 | D:1      | Found Ebraorch's Antique Armour Shoppe.
   520 | D:1      | Learned a level 2 spell: Searing Ray
  1146 | D:2      | Reached XP level 3. HP: 21/21 MP: 1/6
  1212 | D:2      | Found a faded altar of an unknown god.
  2370 | D:3      | Learned a level 3 spell: Dazzling Flash
  2401 | D:3      | Killed from afar by an orc wizard

Illustrated notes

Levels and vault maps discovered:
D:1:      dpeg_arrival_another_circle, layout_loops_ring, serial_shops,
          nicolae_shop_trees, minmay_tetromino_i4
D:2:      layout_basic, basic_ecumenical_altar, kennysheep_generic_room_14
D:3:      layout_rooms, serial_shops, shop, corexii_shack

Skill      XL: |  1 |
---------------+----+-----
Stealth        | 3 |  3.6
Dodging        | |  2.6
Spellcasting   | |  2.4
Conjurations   | |  4.3

Action                   || total
-------------------------++-------
Melee: Tentacles         ||    12
       Unarmed           ||     4
       Constrict         ||    14
       Staff             ||    49
 Cast: Magic Dart        ||    34
  Use: Scroll            ||     6
       Potion            ||     1
 Stab: Sleeping          ||     5
Armor: Skin              ||    11
Dodge: Dodged            ||    46

Table legend: (Time is in decaauts)
 A = Elapsed time spent in this place.
 B = Non-inter-level travel time spent in this place.
 C = Inter-level travel time spent in this place.
 D = Time resting spent in this place.
 E = Time spent auto-exploring this place.
 F = Levels seen in this place.
 G = Mean time per level.
                   A        B        C        D        E       F      G
               +--------+--------+--------+--------+--------+-----+--------+
         Total |   2409 |   2318 |     91 |    406 |   1533 |   3 |  803.0 |
       Dungeon |   2409 |   2318 |     91 |    406 |   1533 |   3 |  803.0 |
               +--------+--------+--------+--------+--------+-----+--------+

Top non-repeatable levels by time:
     D:2: 1179 daAuts
     D:1: 932 daAuts
     D:3: 297 daAuts
